 Dungeon Crawl Stone Soup version 0.16.2-12-gd0ad4c3 (webtiles) character file.

488 dalore the Cudgeler (level 6, -5/56 HPs)
             Began as a Minotaur Berserker on Oct 8, 2015.
             Was an Elder of Trog.
             Killed by nerve-wracking pain
             ... invoked by an orc priest
              (13 damage)
             ... on level 5 of the Dungeon on Oct 9, 2015.
             The game lasted 00:36:09 (5038 turns).

dalore the Cudgeler (Minotaur Berserker)            Turns: 5038, Time: 00:36:09

Health: -5/56      AC:  2    Str: 23    XL:     6   Next: 90%
Magic:  3/3        EV: 13    Int:  4    God:    Trog [****..]
Gold:   118        SH:  0    Dex: 10    Spells: 0 memorised, 5 levels left

rFire  . . .     SeeInvis .     z - +0 flail
rCold  . . .     Clarity  .     u - +0 robe
rNeg   . . .     SustAb   .     (no shield)
rPois  .         Gourm    .     (helmet restricted)
rElec  .         Spirit   .     (no cloak)
rCorr  .         Warding  .     (no gloves)
rMut   .         Stasis   .     (no boots)
MR     .....                    (no amulet)
Stlth  +.........               (no ring)
                                (no ring)

@: not resistant to hostile enchantments, very unstealthy
A: retaliatory headbutt, horns 2
a: Burn Spellbooks, Berserk, Trog's Hand, Brothers in Arms, Renounce Religion


You were on level 5 of the Dungeon.
You worshipped Trog.
Trog was greatly pleased with you.
You were not hungry.

You visited 1 branch of the dungeon, and saw 5 of its levels.
You also visited: Sewer.

You collected 118 gold pieces.

Inventory:

Hand weapons
 a - a +0 mace
 z - a +0 flail (weapon)
Armour
 u - a +0 robe (worn)
 C - a +2 ring mail of poison resistance
Jewellery
 h - an uncursed ring of flight {unknown}
 n - a cursed ring of teleportation {unknown}
 w - an uncursed ring of protection from magic {unknown}
Magical devices
 p - a wand of enslavement (12)
 B - a wand of cold (9)
 D - a wand of enslavement (18)
Scrolls
 b - a scroll of magic mapping {unknown}
 f - a scroll of fog {unknown}
 k - 3 scrolls of identify
 l - 2 scrolls of amnesia
 m - 2 scrolls of teleportation
 o - a scroll of noise {unknown}
 y - a scroll of remove curse {unknown}
Potions
 d - a potion of resistance {unknown}
 e - 7 potions of heal wounds {unknown}
 g - a potion of poison {unknown}
 i - a potion of invisibility {unknown}
 q - a potion of brilliance {unknown}
 r - 4 potions of agility {unknown}
 s - 3 potions of might {unknown}
 t - 2 potions of ambrosia {unknown}
 v - 2 potions of flight {unknown}
 A - a potion of haste {unknown}
Comestibles
 c - 4 bread rations
 j - 2 meat rations
 x - a beef jerky


   Skills:
 + Level 5.2 Fighting
 * Level 7.2 Maces & Flails
 + Level 2.9 Armour
 + Level 4.4 Dodging


You had 5 spell levels left.
You didn't know any spells.

Dungeon Overview and Level Annotations

Branches:
Dungeon (5/15)
 Temple: D:4-7

Altars:
Trog
Yredelemnul


Innate Abilities, Weirdness & Mutations

You reflexively headbutt those who attack you in melee.
You have a pair of horns on your head.


Message History

a dagger; a goblin corpse You offer a prayer to Trog.
The goblin corpse is consumed in a column of flame.
Trog is greatly pleased with you.
You see here a leather armour.
There is a stone staircase leading down here.
You climb downwards.
The orc warrior shouts!
The orc priest shouts!
The orc priest calls down the wrath of Beogh upon you.
Pain shoots through your body!
The orc warrior hits you from afar with a halberd!
The orc priest invokes the aid of Beogh against you.
Something smites you!
There is a stone staircase leading up, spattered with blood here.
The orc priest hits you with an enchanted mace.
The orc warrior hits you from afar with a halberd!
* * * LOW HITPOINT WARNING * * *
The orc priest invokes the aid of Beogh against you.
Pain shoots through your body!
You die...

#######+##
#........#
#........#
#........#
#........#
#..@.....#
#.o......#
#...o......
#.....o..##
###.######
#$# ..# ###


You could see an orc warrior and 2 orc priests.

Vanquished Creatures
  2 big kobolds (Sewer)
  An orc priest (D:4)
  A worker ant (D:4)
  11 adders
  6 river rats (Sewer)
  5 worms
  4 giant geckos
  5 orcs
  7 ball pythons
  6 bats
  A giant cockroach (D:4)
  7 goblins
  10 hobgoblins
  8 jackals
  A quokka (D:2)
  2 giant newts
  19 kobolds
  29 rats
125 creatures vanquished.

Notes
Turn   | Place    | Note
--------------------------------------------------------------
     0 | D:1      | dalore, the Minotaur Berserker, began the quest for the Orb.
     0 | D:1      | Reached XP level 1. HP: 19/19 MP: 1/1
   172 | D:1      | Reached skill level 4 in Maces & Flails
   204 | D:1      | Reached XP level 2. HP: 24/27 MP: 1/1
   595 | D:1      | Acquired Trog's second power
   930 | D:2      | Reached XP level 3. HP: 33/33 MP: 2/2
  1104 | D:3      | Found a basalt altar of Yredelemnul.
  1254 | D:3      | Reached skill level 5 in Maces & Flails
  1295 | D:3      | Reached XP level 4. HP: 29/40 MP: 2/2
  1657 | D:3      | Found a glowing drain.
  1662 | Sewer    | Entered a sewer
  2046 | Sewer    | Noticed a big kobold
  2056 | Sewer    | Killed a big kobold
  2056 | Sewer    | Reached XP level 5. HP: 47/47 MP: 2/2
  2102 | Sewer    | Reached skill level 6 in Maces & Flails
  2315 | Sewer    | Acquired Trog's third power
  2459 | Sewer    | Noticed a big kobold
  2467 | Sewer    | Killed a big kobold
  2467 | Sewer    | Reached XP level 6. HP: 55/55 MP: 3/3
  2702 | D:2      | Reached skill level 5 in Fighting
  4044 | D:4      | Reached skill level 7 in Maces & Flails
  4092 | D:5      | Entered Level 5 of the Dungeon
  4968 | D:4      | Found a bloodstained altar of Trog.
  5038 | D:5      | Killed from afar by an orc priest

Action                   |  1- 3 |  4- 6 || total
-------------------------+-------+-------++-------
Melee: Mace              |    70 |   193 ||   263
       Flail             |       |     5 ||     5
Invok: Berserk           |     1 |     8 ||     9
       Burn Spellbooks   |       |     1 ||     1
  Use: Scroll            |       |     3 ||     3
  Eat: Chunk             |     2 |    13 ||    15
       Meat ration       |       |     2 ||     2
